 Dungeon Sprint DCSS version 0.22-a0-617-g6d95e9e (webtiles) character file.

0 Kidiri the Sneak (level 1, -5/13 HPs)
             Began as a Spriggan Enchanter on July 13, 2018.
             Slain by a tyrant leech (18 damage)
             ... in the Dungeon (Sprint II: "The Violet Keep of Menkaure").
             The game lasted 00:00:22 (12 turns).

Kidiri the Sneak (Spriggan Enchanter)                 Turns: 12, Time: 00:00:23

Health: -5/13      AC:  2    Str:  9    XL:     1   Next: 0%
Magic:  4/5        EV: 18    Int: 16    God:
Gold:   0          SH:  0    Dex: 16    Spells: 4/5 levels left

rFire    . . .     SeeInvis +   a - +1 dagger
rCold    . . .     Gourm    .   (shield restricted)
rNeg     . . .     Faith    .   b - +0 robe
rPois    .         Spirit   .   (helmet restricted)
rElec    .         Reflect  .   (no cloak)
rCorr    .         Harm     .   (gloves unavailable)
MR       .....     NoTele   +   (boots unavailable)
Stlth    ..........             (no amulet)
HPRegen  0.04/turn              (no ring)
MPRegen  0.09/turn              (no ring)

@: berserking, very quick
A: very small, unfitting armour, see invisible, herbivore, speed 3, slow
metabolism 2
a: no special abilities


You were in the Dungeon.
You were not hungry.

You visited 1 branch

Inventory:

Hand Weapons
 a - a +1 dagger (weapon)
Armour
 b - a +0 robe (worn)
Scrolls
 j - a scroll of blinking
Potions
 e - a potion of curing
 f - a potion of heal wounds
 g - a potion of haste
 h - 2 potions of magic
Comestibles
 d - a ration


   Skills:
 + Level 0.0 Fighting
 * Level 1.1 Short Blades
 + Level 0.0 Armour
 * Level 3.0 Dodging
 * Level 4.4 Stealth
 * Level 2.6 Spellcasting
 + Level 3.6 Hexes


You had 4 spell levels left.
You knew the following spells:

 Your Spells              Type           Power        Failure   Level  Hunger
a - Corona                Hex            ##.....      4%          1    #......

Your spell library contained the following spells:

 Spells                   Type           Power        Failure   Level  Hunger
 Confuse                  Hex            ##......     13%         3    ###....
 Tukima's Dance           Hex            ##......     13%         3    ###....
 Ensorcelled Hibernation  Hex/Ice        #.....       14%         2    ##.....
 Dazzling Spray           Conj/Hex       #.....       28%         3    ###....


Dungeon Overview and Level Annotations

Branches:
Dungeon (1/1)

Altars:


Innate Abilities, Weirdness & Mutations

You are very small and have problems with some larger weapons.
You are too small for most types of armour.
You have supernaturally acute eyesight. (SInv)
You are a herbivore.
You cover ground extremely quickly.
You need to consume almost no food.


Message History

You open the door.
A merfolk siren comes into view. It is wielding a spear.
As you close the door, it creaks loudly!
You open the door. 4 neqoxecs come into view.
Found 243 gold pieces.
You close the door.
You open the door. 2 tyrant leeches come into view.
Found 243 gold pieces.
Casting: Corona (safe; 4% risk of failure)
Confirm with . or Enter, or press ? or * to list all spells.
Aiming: Corona (safe; 4% risk of failure)
Press: ? - help, Shift-Dir - straight line, f - tyrant leech
Aim: a tyrant leech (chance to defeat MR: 32%)
The tyrant leech is outlined in light.
A red film seems to cover your vision as you go berserk!
You feel yourself moving faster!
You feel mighty! The tyrant leech bites you!!
Ouch! That really hurt!
You die...

## ## . . a#.
# #a# # ##.
#+# .##
#.m.##.##...#
#.+.<@w#
#...##.##w.$#
##. #+# .## #
3$. # 3##33
## ###


You could see 2 tyrant leeches.

Vanquished Creatures (others)
  Menkaure (D)
1 creature vanquished.

Notes
Turn   | Place    | Note
-------+----------+-------------------------------------------
     0 | D        | Kidiri the Spriggan Enchanter began the quest for the Orb.
     0 | D        | Reached XP level 1. HP: 9/9 MP: 5/5
     1 | D        | Noticed a worker ant
     1 | D        | Noticed a worker ant
     4 | D        | Noticed a merfolk siren
     5 | D        | Killed Menkaure
     7 | D        | Noticed a neqoxec
     7 | D        | Noticed a neqoxec
     7 | D        | Noticed a neqoxec
     7 | D        | Noticed a neqoxec
    10 | D        | Noticed a tyrant leech
    10 | D        | Noticed a tyrant leech
    12 | D        | Slain by a tyrant leech

Vault maps used:
D:        the_violet_keep_of_menkaure

Action                   || total
-------------------------++-------
 Cast: Corona            ||     1
  Use: Potion            ||     1

Table legend:
 A = Spawn XP
 B = Non-spawn XP
 C = Spawn XP percentage of total XP
 D = Spawn monster count
 E = Non-spawn monster count
 F = Spawn count percentage of total count
 G = Total turns spent on level
                    A         B        C        D         E        F      G
               +---------+---------+-------+---------+---------+-------+---------
         Total |       0 |       0 |   N/A |       0 |       0 |   N/A |    12
               +---------+---------+-------+---------+---------+-------+---------
               +---------+---------+-------+---------+---------+-------+---------
